 Dungeon Crawl Stone Soup version 0.17.0-27-g4a3f43e (webtiles) character file.

109118 4thArraOfDagon the Severer (level 15, -5/144 HPs)
             Began as a Minotaur Berserker on Nov 21, 2015.
             Was a High Priest of Trog.
             Slain by puimuR's ghost (33 damage)
             ... on level 6 of the Pits of Slime.
             The game lasted 00:55:05 (7009 turns).

4thArraOfDagon the Severer (Minotaur Berserker)     Turns: 7009, Time: 00:55:05

Health: -5/144     AC: 14    Str: 25    XL:     15   Next: 68%
Magic:  19/19      EV:  3    Int:  9    God:    Trog [*****.]
Gold:   873        SH:  8    Dex:  8    Spells: 0 memorised, 14 levels left

rFire  + + .     SeeInvis .     Q - +7 war axe of Dishonour {speed, rPois Stlth+}
rCold  + . .     Clarity  .     H - +4 plate armour of Charity {rF++ Regen+ Str+4 Dex-4}
rNeg   . . .     SustAt   .     Y - +3 buckler "Loiqoq" {rC+ Str-2 Dex+2 Stlth+}
rPois  +         Gourm    .     F - +1 hat
rElec  .         Spirit   .     z - +0 cloak
rCorr  .         Warding  .     l - +1 pair of gloves
rMut   .         Stasis   .     (no boots)
MR     +....                    r - amulet of regeneration
Stlth  ..........               T - +3 ring of slaying
                                A - ring of flight

@: corroded equipment, somewhat resistant to hostile enchantments, extremely
unstealthy
A: retaliatory headbutt, horns 2
a: Berserk, Trog's Hand, Brothers in Arms, Burn Spellbooks, Renounce Religion,
Evoke Flight
}: 1/15 runes: decaying


You were on level 6 of the Pits of Slime.
You worshipped Trog.
Trog was extremely pleased with you.
You were not hungry.

You visited 6 branches of the dungeon, and saw 38 of its levels.

You collected 2189 gold pieces.
You spent 1316 gold pieces at shops.

Inventory:

Hand Weapons
 L - a +4 broad axe of flaming
 Q - the +7 war axe of Dishonour (weapon) {speed, rPois Stlth+}
   (You found it on level 13 of the Dungeon)

   Attacks with this weapon are significantly faster.
   It protects you from poison.
   It makes you more stealthy.
 W - a +5 antimagic executioner's axe
Armour
 l - a +1 pair of gloves (worn)
 z - a +0 cloak (worn)
 F - a +1 hat (worn)
 H - the +4 plate armour of Charity (worn) {rF++ Regen+ Str+4 Dex-4}
   (You bought it in a shop on level 2 of the Orcish Mines)

   It affects your strength (+4).
   It affects your dexterity (-4).
   It greatly protects you from fire.
   It increases your rate of regeneration.
 Y - the +3 buckler "Loiqoq" (worn) {rC+ Str-2 Dex+2 Stlth+}
   (You found it on level 8 of the Lair of Beasts)

   It affects your strength (-2).
   It affects your dexterity (+2).
   It protects you from cold.
   It makes you more stealthy.
Jewellery
 r - an amulet of regeneration (around neck)
 u - an uncursed ring of wizardry
 A - a ring of flight (left hand)
 C - an uncursed ring of see invisible
 T - a +3 ring of slaying (right hand)
Wands
 b - a wand of heal wounds (5)
 v - a wand of teleportation (7)
 I - a wand of random effects (31)
 J - a wand of cold (4)
 N - a wand of digging (16)
 R - a wand of enslavement (13)
 V - a wand of digging (7)
Scrolls
 a - a scroll of amnesia
 d - 7 scrolls of remove curse
 e - 3 scrolls of immolation
 f - a scroll of teleportation
 i - 2 scrolls of enchant weapon
 k - 5 scrolls of recharging
 m - 2 scrolls of magic mapping
 q - 2 scrolls of blinking
 s - 2 scrolls of fog
 y - 5 scrolls of enchant armour
 K - a scroll of holy word
Potions
 h - 3 potions of lignification
 n - 2 potions of magic
 t - a potion of might
 x - 4 potions of curing
 B - 2 potions of resistance
 E - 2 potions of haste
 G - 3 potions of heal wounds
 M - a potion of brilliance
 O - a potion of cancellation
 P - a potion of mutation
Books
 p - a book of Dreams

   Spells                             Type                      Level
   a - Ensorcelled Hibernation        Hexes/Ice                    2
   b - Phase Shift                    Translocation                5
   c - Shadow Creatures               Summoning                    5
   d - Silence                        Hexes/Air                    5
   e - Darkness                       Hexes                        6
   f - Mass Confusion                 Hexes                        6
   Trog disapproves of the use of such an item.
 w - a book of Minor Magic

   Spells                             Type                      Level
   a - Magic Dart                     Conjuration                  1
   b - Blink                          Translocation                2
   c - Call Imp                       Summoning                    2
   d - Repel Missiles                 Charms/Air                   2
   e - Slow                           Hexes                        2
   f - Conjure Flame                  Conjuration/Fire             3
   g - Mephitic Cloud                 Conjuration/Poison/Air       3
   Trog disapproves of the use of such an item.
 D - a book of Summonings

   Spells                             Type                      Level
   a - Recall                         Summoning/Translocation      3
   b - Aura of Abjuration             Summoning                    5
   c - Shadow Creatures               Summoning                    5
   d - Summon Demon                   Summoning                    5
   e - Summon Forest                  Summoning/Translocation      5
   f - Summon Mana Viper              Hexes/Summoning              5
   Trog disapproves of the use of such an item.
Miscellaneous
 S - a stone of tremors
 X - a sack of spiders {used: 2}
Comestibles
 c - 2 bread rations
 j - 7 meat rations


   Skills:
 + Level 16.1 Fighting
 - Level 20.1 Axes
 + Level 15.7 Armour
 - Level 2.1 Dodging
 - Level 8.0 Shields
 + Level 7.6 Evocations


You had 14 spell levels left.
You didn't know any spells.

Dungeon Overview and Level Annotations

Branches:
Dungeon (15/15)            Temple (0/1) D:5            Lair (8/8) D:11
  Swamp (4/4) Lair:6        Slime (6/6) Lair:7          Orc (4/4) D:10
    Elf (1/3) Orc:3        Vaults (0/5) D:13
  Snake: Lair:3-6    Spider: Lair:3-6    Depths: D:15

Altars:
Dithmenos
Kikubaaqudgha
Makhleb
Okawaru
Trog
The Shining One
Beogh
Jiyva

Shops:
D:12 [   Orc:2 [   Orc:3 *(=:   Orc:4 *

Annotations:
Slime:6 puimuR's ghost, adept TrMo
Elf:1 Gravenous's ghost, adept HuMo


Innate Abilities, Weirdness & Mutations

You reflexively headbutt those who attack you in melee.
You have a pair of horns on your head.


Message History

You climb downwards.
Level annotation: puimuR's ghost, adept TrMo An acid blob comes into view.
The acid blob quivers.
The acid blob spits acid at you. The splash of acid hits you!
The acid corrodes you!
The acid burns!
PuimuR's ghost hits you!! You block the jelly's attack.
PuimuR's ghost hits you!!! The acid blob spits acid at you.
The splash of acid hits you! The acid corrodes you!
The acid burns!
The jelly hits you but does no damage.
There is a stone staircase leading up, spattered with blood here.
Unknown command.
The acid blob spits acid at you.
Helpless, you fail to dodge the splash of acid.
* * * LOW HITPOINT WARNING * * *
The acid corrodes you!
The acid burns!
* * * LOW HITPOINT WARNING * * *
PuimuR's ghost hits you!!
You die...

##.............
##..............
#...............
................
................
................
..............J.
.......WJ.......
........@..#.###
..........####
...........#
..........##
..........#
........###
.......## .....#


You could see an acid blob, a jelly and puimuR's ghost.

Vanquished Creatures
  5 acid blobs
  2 thorn hunters (Swamp:4)
  3 azure jellies
  Maud (Orc:2)
  A dire elephant (Lair:8)
  Snorg (Orc:2)
  A yaktaur captain (D:13)
  An ettin (Orc:4)
  11 hydras
  A great orb of eyes (Slime:3)
  3 catoblepae
  17 death yaks
  2 tengu warriors (D:13)
  A deep troll shaman (Lair:8)
  2 alligators (Swamp:2)
  A giant orange brain (Slime:4)
  A spriggan druid (Swamp:2)
  A deep elf summoner (Elf:1)
  4 hill giants
  3 shining eyes
  4 swamp dragons
  A deep elf conjurer (Elf:1)
  4 cyclopes
  2 ugly things
  4 elephants (Lair:8)
  A griffon (D:13)
  A hornet (Swamp:3)
  Maurice (Orc:2)
  2 black mambas
  12 spiny frogs
  A centaur skeleton (D:10)
  4 kobold demonologists
  A yaktaur (D:13)
  3 komodo dragons
  3 fire drakes
  3 trolls
  3 two-headed ogres
  2 bog bodies (Swamp:2)
  57 slime creatures
  2 giant leeches (Swamp:3)
  3 blink frogs
  2 deep elf magi
  A shadow (Swamp:1)
  A wraith (D:14)
  A water elemental (D:14)
  11 yaks
  2 basilisks (Lair:1)
  A deep elf fighter (D:14)
  A hippogriff (D:11)
  9 vampire mosquitoes
  A hog (shapeshifter) (Elf:1)
  14 wolves
  2 wargs (Orc:1)
  9 swamp worms
  2 water moccasins
  10 swamp drakes
  3 eyes of draining
  8 orc warriors
  3 porcupines
  An ice beast (D:11)
  A phantom (D:11)
  2 black bears
  6 ogres
  A centaur (D:5)
  2 big kobolds
  3 crocodiles
  9 giant frogs
  A wyvern skeleton (D:14)
  2 scorpions
  5 wights
  An electric eel (Lair:3)
  2 quasits
  3 centaur zombies
  3 crimson imps
  13 jellies
  26 orc wizards
  2 giant frog zombies
  21 orc priests
  A giant frog skeleton (D:12)
  2 hounds (D:7)
  2 iguanas
  9 sheep
  A killer bee zombie (D:10)
  A worker ant (D:12)
  3 adders
  4 gnolls (D:7)
  35 river rats
  A shadow imp (D:8)
  2 oozes (Lair:7)
  147 orcs
  A bat (D:1)
  A hobgoblin (D:1)
  2 quokkas
  A ball python (D:5)
  4 giant newts
  3 goblins (D:1)
  2 jackals (D:7)
  10 kobolds
  2 fungi (Lair:8)
  A plant (D:11)
596 creatures vanquished.

Vanquished Creatures (collateral kills)
  the Lernaean hydra (Swamp:4)
  Rupert (D:13)
  A death ooze (Slime:3)
  A hydra (D:13)
  A hill giant (D:13)
  A yaktaur (D:13)
  A slime creature (Slime:3)
  An orc warrior (D:13)
  2 orc priests
  An orc wizard (Orc:2)
  6 orcs
17 creatures vanquished.

Vanquished Creatures (others)
  An orc (Orc:1)
  A fungus (Lair:8)
  2 plants (Lair:8)
4 creatures vanquished.

Grand Total: 617 creatures vanquished

Notes
Turn   | Place    | Note
--------------------------------------------------------------
     0 | D:1      | 4thArraOfDagon the Minotaur Berserker began the quest for the Orb.
     0 | D:1      | Reached XP level 1. HP: 19/19 MP: 0/0
   169 | D:1      | Reached skill level 4 in Axes
   171 | D:1      | Reached XP level 2. HP: 17/27 MP: 1/1
   194 | D:2      | Found a bloodstained altar of Trog.
   328 | D:5      | Entered Level 5 of the Dungeon
   328 | D:5      | Found a staircase to the Ecumenical Temple.
   338 | D:5      | Reached XP level 3. HP: 33/33 MP: 2/2
   421 | D:5      | Noticed a centaur
   431 | D:5      | Killed a centaur
   431 | D:5      | Reached skill level 5 in Axes
   431 | D:5      | Reached XP level 4. HP: 33/41 MP: 3/3
   431 | D:5      | Reached XP level 5. HP: 37/47 MP: 4/4
   434 | D:5      | Reached skill level 6 in Axes
   438 | D:5      | Reached skill level 5 in Fighting
   470 | D:5      | Noticed an ogre
   483 | D:5      | Killed an ogre
   483 | D:5      | Reached XP level 6. HP: 35/56 MP: 5/5
   534 | D:5      | Found a shadowy altar of Dithmenos.
   561 | D:5      | Reached ** piety under Trog
   564 | D:5      | Reached skill level 7 in Axes
   682 | D:6      | Reached XP level 7. HP: 62/62 MP: 6/6
   684 | D:6      | Reached skill level 5 in Armour
   795 | D:7      | Found an iron altar of Okawaru.
   805 | D:7      | Reached skill level 8 in Axes
   911 | D:7      | Reached XP level 8. HP: 57/71 MP: 7/7
   924 | D:7      | Reached skill level 9 in Axes
  1078 | D:9      | Reached *** piety under Trog
  1105 | D:9      | Found an ancient bone altar of Kikubaaqudgha.
  1105 | D:9      | Found a burning altar of Makhleb.
  1125 | D:9      | Found a glowing golden altar of the Shining One.
  1198 | D:10     | Entered Level 10 of the Dungeon
  1198 | D:10     | Noticed a centaur skeleton
  1216 | D:10     | Killed a centaur skeleton
  1216 | D:10     | Reached skill level 10 in Axes
  1338 | D:10     | Found a staircase to the Orcish Mines.
  1348 | Orc:1    | Entered Level 1 of the Orcish Mines
  1368 | Orc:1    | Reached XP level 9. HP: 81/81 MP: 8/8
  1523 | Orc:2    | Reached skill level 11 in Axes
  1588 | Orc:1    | Reached **** piety under Trog
  1805 | Orc:2    | Noticed Maud
  1809 | Orc:2    | Noticed Maurice
  1822 | Orc:2    | Killed Maud
  1822 | Orc:2    | Reached skill level 12 in Axes
  1822 | Orc:2    | Reached XP level 10. HP: 47/91 MP: 9/9
  1825 | Orc:2    | Killed Maurice
  1910 | Orc:2    | Noticed Snorg
  1920 | Orc:2    | Killed Snorg
  1920 | Orc:2    | Reached skill level 10 in Fighting
  1937 | Orc:2    | Found Waribiqu's Armour Shoppe.
  1996 | Orc:3    | Found Mussi's Antique Weapon Shop.
  2013 | Orc:3    | Found a roughly hewn altar of Beogh.
  2028 | Orc:3    | Reached skill level 13 in Axes
  2062 | Orc:2    | Found a roughly hewn altar of Beogh.
  2179 | Orc:3    | Found Jolisesa's Book Shop.
  2213 | Orc:3    | Found Joghun's Jewellery Shop.
  2239 | Orc:4    | Entered Level 4 of the Orcish Mines
  2286 | Orc:4    | Found Ofofapy's Assorted Antiques.
  2294 | Orc:4    | Bought a scroll labeled RIMUERCH TUBRUI for 25 gold pieces
  2294 | Orc:4    | Bought 2 glowing sapphire potions for 45 gold pieces
  2294 | Orc:4    | Bought a scroll labeled RAICWUQEURR for 25 gold pieces
  2329 | Orc:4    | Noticed an ettin
  2340 | Orc:4    | Killed an ettin
  2526 | Orc:3    | Found a staircase to the Elven Halls.
  2532 | Orc:3    | Reached skill level 10 in Armour
  2546 | Orc:3    | Found Wemoa's Assorted Antiques.
  2555 | Orc:3    | Reached ***** piety under Trog
  2563 | Orc:3    | Bought a scroll labeled HUCSYTWOQI for 30 gold pieces
  2563 | Orc:3    | Bought 2 murky emerald potions for 54 gold pieces
  2563 | Orc:3    | Bought a scroll labeled RUZXUXK HEKHLAE for 30 gold pieces
  2563 | Orc:3    | Bought a fizzy purple potion for 27 gold pieces
  2878 | Orc:2    | Bought the +4 plate armour of Charity {rF++ Regen+ Str+4 Dex-4} for 1080 gold pieces
  2900 | Elf:1    | Entered Level 1 of the Elven Halls
  2906 | Elf:1    | Noticed a deep elf summoner
  2906 | Elf:1    | Noticed a deep elf summoner
  2914 | Elf:1    | Noticed Gravenous's ghost (adept HuMo)
  2924 | Elf:1    | Killed a deep elf summoner
  2924 | Elf:1    | Reached skill level 14 in Axes
  2971 | Elf:1    | Noticed a deep elf conjurer
  2977 | Elf:1    | Killed a deep elf conjurer
  2977 | Elf:1    | Reached XP level 11. HP: 65/101 MP: 10/10
  3078 | Elf:1    | Noticed a deep elf conjurer
  3188 | D:11     | Found a staircase to the Lair.
  3424 | D:13     | Noticed a tengu warrior
  3424 | D:13     | Noticed a tengu warrior
  3433 | D:13     | Killed a tengu warrior
  3434 | D:13     | Killed a tengu warrior
  3466 | D:13     | Noticed a seven-headed hydra
  3485 | D:13     | Killed a seven-headed hydra
  3497 | D:13     | Noticed a yaktaur captain
  3513 | D:13     | Reached skill level 15 in Axes
  3520 | D:13     | Killed a yaktaur captain
  3532 | D:13     | Found a gate to the Vaults.
  3658 | D:13     | Noticed a sun demon
  3680 | D:13     | Got a crude war axe
  3683 | D:13     | Identified the +7 war axe of Dishonour {speed, rPois Stlth+} (You found it on level 13 of the Dungeon)
  3730 | D:14     | Noticed a hill giant
  3735 | D:14     | Reached XP level 12. HP: 112/112 MP: 11/11
  3738 | D:14     | Killed a hill giant
  3738 | D:14     | Reached skill level 16 in Axes
  3803 | D:15     | Entered Level 15 of the Dungeon
  3805 | D:15     | Noticed a catoblepas
  3816 | D:15     | Killed a catoblepas
  4074 | D:13     | Noticed a hill giant
  4081 | D:13     | Killed a hill giant
  4128 | D:13     | Noticed a hill giant
  4132 | D:13     | Noticed Rupert
  4144 | D:13     | Killed a hill giant
  4151 | D:13     | Killed Rupert
  4151 | D:13     | Reached skill level 17 in Axes
  4177 | D:13     | Noticed a hill giant
  4184 | D:13     | Killed a hill giant
  4214 | D:12     | Found Fyst's Armour Boutique.
  4259 | D:11     | Received a gift from Trog
  4320 | D:12     | Noticed a hill giant
  4326 | D:12     | Killed a hill giant
  4357 | D:11     | Noticed an eight-headed hydra
  4410 | Lair:1   | Entered Level 1 of the Lair of Beasts
  4668 | Lair:3   | Reached XP level 13. HP: 75/122 MP: 12/12
  4801 | Lair:4   | :)
  4911 | Lair:6   | Found a staircase to the Swamp.
  4939 | Swamp:1  | Entered Level 1 of the Swamp
  4944 | Swamp:1  | Reached skill level 1 in Evocations
  4990 | Swamp:2  | Reached skill level 18 in Axes
  5111 | Swamp:2  | Received a gift from Trog
  5220 | Swamp:4  | Entered Level 4 of the Swamp
  5255 | Swamp:4  | Noticed a thorn hunter
  5262 | Swamp:4  | Killed a thorn hunter
  5446 | Swamp:4  | Noticed a thorn hunter
  5465 | Swamp:4  | Killed a thorn hunter
  5533 | Swamp:4  | Reached skill level 19 in Axes
  5582 | Swamp:4  | Reached XP level 14. HP: 130/133 MP: 16/16
  5618 | Swamp:4  | Noticed the 27-headed Lernaean hydra
  5626 | Swamp:4  | Killed the 24-headed Lernaean hydra
  5680 | Swamp:4  | Got a decaying rune of Zot
  5900 | Lair:6   | Reached skill level 5 in Evocations
  5944 | Lair:8   | Entered Level 8 of the Lair of Beasts
  6175 | Lair:8   | Received a gift from Trog
  6177 | Lair:8   | Reached skill level 15 in Fighting
  6267 | Lair:8   | Reached skill level 20 in Axes
  6320 | Lair:8   | Got a faintly humming buckler
  6327 | Lair:8   | Identified the +3 buckler "Loiqoq" {rC+ Str-2 Dex+2 Stlth+} (You found it on level 8 of the Lair of Beasts)
  6427 | Lair:8   | Reached skill level 1 in Shields
  6431 | Lair:8   | Reached skill level 15 in Armour
  6485 | Lair:7   | Found a runed door.
  6500 | Lair:7   | Found a viscous altar of Jiyva.
  6501 | Lair:7   | Found a staircase to the Slime Pits.
  6516 | Slime:1  | Entered Level 1 of the Pits of Slime
  6516 | Slime:1  | Noticed an acid blob
  6532 | Slime:1  | Killed an acid blob
  6532 | Slime:1  | Reached XP level 15. HP: 126/141 MP: 10/18
  6537 | Slime:1  | Reached skill level 5 in Shields
  6646 | Slime:3  | Received a gift from Trog
  6651 | Slime:3  | Noticed an acid blob
  6660 | Slime:3  | Killed an acid blob
  6706 | Slime:4  | Noticed an azure jelly
  6706 | Slime:4  | Noticed an azure jelly
  6716 | Slime:4  | Killed an azure jelly
  6717 | Slime:4  | Killed an azure jelly
  6741 | Slime:4  | Noticed an acid blob
  6792 | Slime:4  | Killed an acid blob
  6813 | Slime:3  | Noticed an azure jelly
  6831 | Slime:3  | Killed an azure jelly
  6900 | Slime:5  | Noticed an acid blob
  6912 | Slime:5  | Killed an acid blob
  6945 | Slime:6  | Entered Level 6 of the Pits of Slime
  6951 | Slime:6  | Noticed an acid blob
  6954 | Slime:6  | Noticed puimuR's ghost (adept TrMo)
  6970 | Slime:5  | Killed an acid blob
  6999 | Slime:5  | http://crawl.xtahua.com/crawl/morgue/puimuR/morgue-puimuR-20151121-124139.txt
  7008 | Slime:6  | Noticed an acid blob
  7009 | Slime:6  | Slain by puimuR's ghost

Action                   |  1- 3 |  4- 6 |  7- 9 | 10-12 | 13-15 || total
-------------------------+-------+-------+-------+-------+-------++-------
Melee: Hand axe          |    23 |     7 |       |       |       ||    30
       War axe           |       |    31 |   175 |   217 |   597 ||  1020
       Battleaxe         |       |       |    38 |   303 |       ||   341
       Broad axe         |       |       |       |       |    44 ||    44
Invok: Berserk           |     2 |     2 |     6 |     7 |     9 ||    26
       Trog's Hand       |       |       |    11 |    13 |    12 ||    36
       Brothers in Arms  |       |       |     1 |     3 |     2 ||     6
 Abil: Evoke Flight      |       |       |       |       |     1 ||     1
Evoke: Wand              |       |     2 |       |     3 |     3 ||     8
       Sack of spiders   |       |       |       |       |     2 ||     2
  Use: Scroll            |     4 |     1 |     4 |    16 |    12 ||    37
       Potion            |       |     2 |       |     2 |       ||     4
 Stab: Petrifying        |       |       |       |       |     2 ||     2
       Petrified         |       |       |       |       |     1 ||     1
  Eat: Chunk             |       |     3 |    11 |    23 |     9 ||    46
       Pizza             |       |       |       |       |     1 ||     1
       Fruit             |       |       |       |       |     3 ||     3
       Beef jerky        |       |       |       |       |     5 ||     5
       Bread ration      |       |       |       |       |     1 ||     1
       Royal jelly       |       |       |       |       |     1 ||     1
